 Dungeon Crawl Stone Soup version 0.30.0-5-g1a98f26d00 (webtiles) character file.

Game seed: 2439440361101096089

198 avis the Chopper (level 5, -1/47 HPs)
             Began as a Hill Orc Monk on May 9, 2023.
             Was a Believer of Beogh.
             Killed by divine providence
             ... invoked by an orc priest
              (11 damage)
             ... on level 4 of the Dungeon.
             The game lasted 00:19:54 (3244 turns).

avis the Chopper (Hill Orc Monk)                    Turns: 3244, Time: 00:19:55

Health: -1/47      AC:  6    Str: 16    XL:     5   Next: 76%
Magic:  5/5        EV: 11    Int: 10    God:    Beogh [**....]
Gold:   242        SH:  0    Dex: 13    Spells: 4/4 levels left

rFire   + . .        a - +0 hand axe
rCold   . . .        d - orb {light}
rNeg    . . .        c - +0 ring mail
rPois   .            (no helmet)
rElec   .            (no cloak)
rCorr   .            n - +0 pair of gloves
SInv    .            (no boots)
Will    .....        (no amulet)
Stlth   +            t - ring of protection from fire
HPRegen 0.27/turn    (no ring)
MPRegen 0.09/turn

%: no passive effects
@: glowing
A: no striking features
a: Renounce Religion, Smiting


You were on level 4 of the Dungeon.
You worshipped Beogh.
Beogh was pleased with you.
You visited 1 branch of the dungeon, and saw 4 of its levels.

You collected 242 gold pieces.

Inventory:

Hand Weapons
 a - a +0 hand axe (weapon)
 k - a +1 dagger of venom
 r - a +2 whip of distortion
Missiles
 g - 4 poisoned darts (quivered)
Armour
 c - a +0 ring mail (worn)
 d - an orb of light (worn)
 n - a +0 pair of gloves (worn)
Magical Staves
 m - a staff of earth
Jewellery
 t - a ring of protection from fire (left hand)
Scrolls
 h - 9 scrolls of teleportation {unknown}
 i - 10 scrolls of identify {unknown}
 l - 2 scrolls of fear {unknown}
 o - a scroll of immolation {unknown}
Potions
 b - 2 potions of heal wounds {unknown}
 e - a potion of curing {unknown}
 f - 3 potions of degeneration {unknown}
 j - a potion of magic {unknown}
 p - 3 potions of mutation {unknown}
 q - a potion of haste {unknown}
 s - 2 potions of berserk rage {unknown}


   Skills:
 + Level 4.6 Fighting
 * Level 7.1 Axes
 - Level 3.0 Dodging


You had 4 spell levels left.
You didn't know any spells.
Your spell library contained the following spells:

 Spells                   Type           Power      Damage    Failure   Level
 Apportation              Tloc           0%         N/A       58%         1
 Necrotise                Necr           0%         1d4       58%         1
 Shock                    Conj/Air       0%         1d3       58%         1
 Summon Small Mammal      Summ           0%         N/A       58%         1
 Static Discharge         Conj/Air       0%         2-2/arc   73%         2
 Swiftness                Air            0%         N/A       91%         3
 Airstrike                Air            0%         2d(0-16)  100%        4
 Summon Lightning Spire   Summ/Air       0%         N/A       100%        4


Dungeon Overview and Level Annotations

Branches:
Dungeon (4/15)
 Temple: D:4-7

Altars:
Okawaru
Vehumet


Message History

The goblin dies!
The orc moves out of view.
Press: ? - help, v - describe, . - travel
Here: an orc priest, wielding a +0 whip The floor.
An orc comes into view. It is wielding a +0 dagger.
The orc hits the orc priest but does no damage.
The orc hits the orc priest with a +0 dagger.
The orc priest hits the orc but does no damage.
The orc priest drains the orc.
The orc priest invokes the aid of Beogh against you.
Beogh smites you!
You hit the orc priest.
The orc priest is moderately wounded.
The orc priest completely misses the orc.
The orc hits the orc priest but does no damage.
The orc priest hits you with a +0 whip.
* * * LOW HITPOINT WARNING * * *
You hit the orc priest.
The orc priest is heavily wounded.
You hit the orc.
The orc priest calls down the wrath of Beogh upon the orc.
The orc barely resists.
The orc hits the orc priest but does no damage.
The orc priest barely misses you.
You hit the orc priest.
The orc priest is severely wounded.
You hit the orc. You hit the orc but do no damage.
The orc hits you but does no damage. The orc completely misses you.
The orc hits the orc priest but does no damage.
The orc priest misses the orc.
The orc priest completely misses you.
You hit the orc priest.
The orc priest is almost dead.
You hit the orc but do no damage. You hit the orc.
The orc barely misses you. x2
The orc hits the orc priest but does no damage.
The orc priest hits the orc with a +0 mace of draining.
The orc priest calls down the wrath of Beogh upon you.
Beogh smites you!
You die...
Beogh appreciates the orc priest's killing of a heretic priest.

#.......####..... #.
...........#....#.##
.##.......##..........
....o.........#......
...o................
...................
.....#........####
#oo..##......##
...#####@o....(.....#
....................##.
.#.###....###........
###.#..###......###
...#......#...........
#..................#
#..................#
#...................####.#
####......................


You could see an orc priest, 3 orcs and a neutral orc priest (distracted).

Vanquished Creatures
  An orc wizard (D:4)
  A gnoll (D:3)
  5 adders
  5 dart slugs
  5 worms
  3 orcs
  6 ball pythons
  12 bats
  4 endoplasms
  3 giant cockroaches
  9 goblins
  10 hobgoblins
  3 jackals (D:1)
  2 quokkas
  7 frilled lizards
  9 kobolds
  10 rats
95 creatures vanquished.

Vanquished Creatures (others)
  A goblin (D:4)
1 creature vanquished.

Grand Total: 96 creatures vanquished

Notes
Turn   | Place    | Note
-------+----------+-------------------------------------------
     0 | D:1      | avis the Hill Orc Monk began the quest for the Orb.
     0 | D:1      | Reached XP level 1. HP: 19/19 MP: 1/1
    59 | D:1      | Reached XP level 2. HP: 13/27 MP: 2/2
   210 | D:1      | Reached skill level 5 in Axes
   299 | D:1      | Reached XP level 3. HP: 33/33 MP: 3/3
  1046 | D:1      | Reached XP level 4. HP: 26/40 MP: 4/4
  1263 | D:2      | You fall into a shaft and drop 1 floor!
  1354 | D:3      | Found an iron altar of Okawaru.
  1360 | D:3      | Reached skill level 6 in Axes
  1393 | D:3      | Found a radiant altar of Vehumet.
  1976 | D:2      | Reached XP level 5. HP: 45/46 MP: 5/5
  3116 | D:4      | Reached skill level 7 in Axes
  3236 | D:4      | Became a worshipper of Beogh the Brigand
  3236 | D:4      | Reached * piety under Beogh
  3236 | D:4      | Reached ** piety under Beogh
  3244 | D:4      | Killed from afar by an orc priest

Illustrated notes

Levels and vault maps discovered:
D:1:      roderic_dead_forest, layout_basic, minmay_tromino_i2
D:2:      minmay_chambers_of_twos, layout_basic, minivault_14, minmay_puff
D:3:      layout_basic, nicolae_vehumet_altar_sigil, okawaru_gym_becter,
          nrook_mini_backslash, kennysheep_generic_room_10
D:4:      layout_rooms

Skill      XL: |  1  2  3  4  5 |
---------------+----------------+-----
Fighting       | 4 |  4.6
Axes           | 5 6 7 |  7.1
Dodging        | 3 |  3.0

Action                     |  1- 3 |  4- 6 || total
---------------------------+-------+-------++-------
  Melee: Hand axe          |   114 |   182 ||   296
 Invoke: Convert to Beogh  |       |     1 ||     1
    Use: Potion            |     1 |       ||     1
 Armour: Robe              |    17 |     7 ||    24
         Ring mail         |       |    51 ||    51
  Dodge: Dodged            |    72 |    82 ||   154
